 Dungeon Crawl Stone Soup version 0.29.1-12-g30fa7ad0bf (webtiles) character file.

Game seed: 9290525446547672494

81 nshep25 the Insei (level 4, -2/37 HPs)
             Began as a Demonspawn Monk on Jan 5, 2023.
             Slain by a gnoll
             ... wielding a +0 spear
              (5 damage)
             ... on level 3 of the Dungeon.
             The game lasted 00:05:44 (4357 turns).

nshep25 the Insei (Demonspawn Monk)                 Turns: 4357, Time: 00:05:44

Health: -2/37      AC:  3    Str: 14    XL:     4   Next: 19%
Magic:  4/4        EV: 12    Int: 13    God:
Gold:   112        SH:  0    Dex: 15    Spells: 3/3 levels left

rFire   . . .      SeeInvis .     - Unarmed
rCold   . . .      Faith    .   (no shield)
rNeg    . . .      Spirit   .   m - +0 leather armour
rPois   .          Reflect  .   (helmet restricted)
rElec   .          Harm     .   (no cloak)
rCorr   .          Rampage  .   (no gloves)
Will    +....                   (no boots)
Stlth   ++........              (no amulet)
HPRegen 0.12/turn               h - ring of willpower
MPRegen 0.09/turn               (no ring)

@: no status effects
A: antennae 2, big brain 1
a: no special abilities


You were on level 3 of the Dungeon.
You visited 1 branch of the dungeon, and saw 4 of its levels.

You collected 112 gold pieces.

Inventory:

Missiles
 f - 3 javelins (quivered)
Armour
 a - a +0 robe
 m - a +0 leather armour (worn)
Jewellery
 h - a ring of willpower (left hand)
Scrolls
 d - a scroll of teleportation {unknown}
 e - 3 scrolls of identify {unknown}
 i - 3 scrolls of fog {unknown}
 k - 2 scrolls of immolation {unknown}
Potions
 b - a potion of ambrosia
 c - 2 potions of heal wounds {unknown}
 g - 2 potions of haste {unknown}
 j - a potion of magic {unknown}
 l - a potion of degeneration {unknown}
 n - a potion of lignification {unknown}
 o - a potion of curing {unknown}
 p - a potion of cancellation {unknown}


   Skills:
 * Level 3.7 Fighting
 + Level 0.1 Armour
 + Level 2.9 Dodging
 + Level 2.0 Stealth
 * Level 3.8 Unarmed Combat


You had 3 spell levels left.
You didn't know any spells.
Your spell library contained the following spells:

 Spells                   Type           Power      Damage    Failure   Level
 Ignite Poison            Fire/Tmut/Pois 0%         N/A       75%         3
 Mephitic Cloud           Conj/Pois/Air  0%         N/A       75%         3
 Ozocubu's Armour         Ice            0%         N/A       75%         3
 Freezing Cloud           Conj/Ice/Air   0%         6-21      100%        5
 Metabolic Englaciation   Hex/Ice        0%         N/A       100%        5
 Simulacrum               Ice/Necr       0%         N/A       100%        6


Dungeon Overview and Level Annotations

Branches:
Dungeon (4/15)
 Temple: D:4-7

Altars:
Kikubaaqudgha

Shops:
D:1 (


Innate Abilities, Weirdness & Mutations

You have a pair of antennae on your head.
You have an unusually large brain. (Int +2)


Message History

You kill the hobgoblin!
You start resting.
HP restored.
Unknown command.
You start waiting.
Done waiting.
You climb downwards.
The gnoll hits you from afar with a +0 spear.
There is a stone staircase leading up here.
An orc comes into view.
It is wielding a +0 flail and quivering poisoned darts.
The gnoll barely misses you.
Items here: ( ) ? ÷.
You barely miss the gnoll.
The orc shouts!
The orc throws a poisoned dart.
The poisoned dart closely misses you.
The poisoned dart closely misses the gnoll.
The gnoll hits you with a +0 spear.
You hit the gnoll but do no damage. The gnoll hits you with a +0 spear.
You hit the gnoll.
The gnoll is lightly wounded.
The gnoll closely misses you.
You hit the gnoll.
The gnoll is moderately wounded.
The gnoll hits you with a +0 spear. The orc barely misses you.
You barely miss the gnoll.
The gnoll is moderately wounded.
The orc barely misses you. The gnoll hits you with a +0 spear.
You punch the gnoll!
The gnoll is severely wounded.
The orc hits you with a +0 flail. The gnoll barely misses you.
You hit the gnoll but do no damage. Your punch misses the gnoll.
The gnoll is severely wounded.
The orc hits you with a +0 flail!
* * * LOW HITPOINT WARNING * * *
The gnoll hits you with a +0 spear.
* * * LOW HITPOINT WARNING * * *
You barely miss the gnoll.
The gnoll is severely wounded.
The gnoll hits you with a +0 spear.
You die...

######..#.# #.###.......
........#.# #.# #.######
....###.#.# #.# #.#
#####.###.### #.# #.#
##.....##...##########.###.#
#....#÷.##.................#
..#####..#))##########.....#
.##÷####.#..#...g##......[.#
÷#....##.#..#...@.#.##.#####
##..†.#.##.{#.#<#o#.##.#
#....÷##.>.#.###.#.##.#
###†.###...#.....g....# ####
#.#.#.###.#.#..# #.#
#.#.#.#...#...## #.#
#.#.#.#.#.#.#.#
#.###.#g#.....#.#.#
#...#.#.#######g#.#


You could see a gnoll, an orc and a goblin.

Vanquished Creatures
  A gnoll (D:3)
  A worm (D:2)
  2 dart slugs
  2 orcs (D:3)
  A ball python (D:2)
  4 endoplasms
  3 giant cockroaches
  9 goblins
  9 hobgoblins
  3 quokkas (D:2)
  7 bats
  7 frilled lizards
  2 kobolds (D:1)
  6 rats
57 creatures vanquished.

Notes
Turn   | Place    | Note
-------+----------+-------------------------------------------
     0 | D:1      | nshep25 the Demonspawn Monk began the quest for the Orb.
     0 | D:1      | Reached XP level 1. HP: 18/18 MP: 1/1
   199 | D:1      | Found Ziuchy's Antique Weapon Shop.
   380 | D:1      | Gained mutation: You have a pair of small antennae on your
                  | head. [demonic ancestry]
   380 | D:1      | Reached XP level 2. HP: 22/24 MP: 2/2
  1037 | D:1      | Found a faded altar of an unknown god.
  1452 | D:2      | Gained mutation: You have a pair of antennae on your head.
                  | [demonic ancestry]
  1452 | D:2      | Reached XP level 3. HP: 15/29 MP: 3/3
  2873 | D:4      | Noticed a scorpion
  3636 | D:3      | Found an ancient bone altar of Kikubaaqudgha.
  3755 | D:3      | Gained mutation: You have an unusually large brain. (Int
                  | +2) [demonic ancestry]
  3755 | D:3      | Reached XP level 4. HP: 16/37 MP: 4/4
  4357 | D:3      | Slain by a gnoll

Illustrated notes

Levels and vault maps discovered:
D:1:      dpeg_arrival_shelter, layout_basic, serial_shops, shop,
          dreamdust_ecumenical_altar_statues, hangedman_glass_teeth,
          minmay_misc_feat_diagonals
D:2:      layout_basic, grunt_ministairs_15
D:3:      minmay_goblin_kobold_castle, layout_basic,
          mainiacjoe_overflow_catwalk, minmay_misc_feat_more_columns,
          wander_ebering_terrifying_dragon_lair, uniq_natasha
D:4:      layout_cave_pools

Skill      XL: |  1  2  3 |
---------------+----------+-----
Unarmed Combat | 3 |  3.8
Stealth        | 2 |  2.0
Fighting       | |  3.7
Armour         | |  0.1
Dodging        | |  2.9

Action                   |  1- 3 |  4- 6 || total
-------------------------+-------+-------++-------
Melee: Unarmed           |   168 |    24 ||   192
       Punch             |     2 |       ||     2
 Stab: Sleeping          |     7 |       ||     7
Armor: Robe              |    18 |       ||    18
       Leather armour    |    16 |     2 ||    18
Dodge: Dodged            |   117 |    18 ||   135
